Map: Cerulean Fall LE

Players

LiquidTLO (TLO) - Winner!

  • Race: Zerg Zerg
  • Spawn Location: 1:00

Cuddlebear

  • Race: Terran Terran
  • Spawn Location: 7:00

Event: WCS Montreal 2018

VOD

Have the link to the VOD?

Description

Time

  • Played on: Sept. 7, 2018, 4:17 p.m.
  • Length: 15:21

All games in this series

Show
View Real Time Build Order
Export as new Build Order

LiquidTLO Zerg - Winner!

Build Orders: Pool First 

Get SALT Encoding   

  12  0:00  Drone  
  13  0:07  Drone  
  14  0:17  Overlord  
  14  0:35  Drone x3  
  17  0:46  Spawning Pool  
  17  0:48  Drone  
  18  0:57  Drone  
  18  1:13  Hatchery  
  18  1:16  Drone  
  18  1:20  Drone  
  19  1:25  Extractor  
  18  1:33  Zergling x2  
  18  1:34  Queen  
  18  1:39  Overlord  
  21  1:50  Drone  
  22  2:01  Drone  
  23  2:10  Queen  
  23  2:14  Drone  
  26  2:27  Queen  
  26  2:28  Drone  
  26  2:29  Drone  
  30  2:35  Overlord  
  30  2:36  Drone  
  31  2:43  Drone  
  32  2:44  Metabolic Boost  
  32  2:51  Drone  
  33  2:52  Drone  
  33  2:54  Drone  
  33  2:55  Drone  
  33  2:57  Drone  
  36  3:04  Drone  
  37  3:09  Hatchery  
  37  3:12  Drone  
  37  3:13  Drone  
  38  3:20  Overlord  
  38  3:23  Drone x3  
  41  3:27  Zergling x2  
  41  3:30  Zergling x2  
  43  3:35  Drone  
  43  3:36  Overlord  
  43  3:39  Overlord  
  43  3:40  Drone  
  45  3:42  Drone  
  46  3:49  Drone  
  46  3:51  Queen  
  46  3:52  Overlord  
  46  3:54  Drone  
  51  3:55  Drone  
  51  3:59  Extractor  
  51  4:00  Evolution Chamber  
  51  4:02  Drone, Evolution Chamber  
  49  4:04  Drone  
  49  4:06  Drone  
  51  4:10  Drone  
  51  4:13  Drone  
  51  4:14  Overlord  
  51  4:17  Queen  
  53  4:21  Drone  
  56  4:25  Drone x4  
  56  4:27  Drone  
  61  4:32  Zerg Ground Armor Level 1  
  61  4:35  Drone  
  62  4:39  Zerg Melee Weapons Level 1  
  62  4:40  Overlord  
  62  4:41  Zergling x2  
  62  4:42  Zergling x2  
  64  4:48  Zergling x4  
  64  4:49  Zergling x2  
  64  4:51  Drone  
  68  4:53  Baneling Nest, Zergling x2  
  68  4:55  Zergling x4  
  68  4:56  Drone  
  68  4:58  Drone  
  72  5:01  Zergling x2  
  72  5:02  Zergling x2  
  72  5:03  Zergling x2  
  72  5:04  Zergling x2  
  72  5:06  Zergling x4  
  78  5:07  Zergling x2  
  78  5:09  Zergling x2  
  78  5:12  Lair  
  80  5:16  Zergling x2  
  80  5:17  Zergling x2  
  80  5:18  Zergling x2  
  83  5:23  Drone  
  83  5:24  Drone  
  83  5:25  Drone  
  83  5:28  Drone x2  
  87  5:31  Spore Crawler  
  87  5:34  Overlord  
  86  5:41  Overlord  
  86  5:43  Baneling x4  
  86  5:44  Hatchery  
  86  5:45  Baneling x2  
  85  5:53  Baneling  
  85  5:54  Drone x2  
  85  5:55  Zergling x2  
  85  5:56  Zergling x2  
  89  5:58  Overlord  
  89  6:01  Zergling x4  
  89  6:04  Zergling x2  
  89  6:05  Zergling x14  
  89  6:08  Zergling x2  
  89  6:09  Zergling x2  
  89  6:10  Zergling x2  
  89  6:11  Baneling x7  
  96  6:15  Extractor, Queen  
  96  6:16  Queen x2  
  101  6:19  Zergling x4  
  101  6:20  Zergling x2  
  101  6:24  Centrifical Hooks  
  104  6:28  Spore Crawler  
  104  6:32  Baneling, Zergling x2  
  97  6:41  Zergling x10  
  97  6:43  Zergling x2  
  100  6:50  Drone, Queen  
  100  6:52  Drone x4, Queen  
  105  6:55  Zergling x2  
  105  6:56  Zergling x2  
  105  7:00  Zerg Melee Weapons Level 2  
  105  7:01  Baneling  
  105  7:03  Extractor x2  
  105  7:05  Drone  
  105  7:06  Drone x5  
  109  7:14  Extractor  
  109  7:15  Overlord x3  
  108  7:17  Zergling x2  
  108  7:20  Zergling x2  
  108  7:21  Drone  
  111  7:26  Overlord  
  111  7:29  Queen  
  111  7:33  Queen  
  113  7:37  Zergling x2  
  113  7:40  Zergling x14  
  108  7:44  Zergling x4  
  108  7:46  Zergling x2  
  108  7:50  Zerg Ground Armor Level 2  
  106  7:51  Drone  
  106  7:52  Drone x4  
  106  7:56  Zergling x2  
  111  8:02  Queen  
  111  8:03  Zergling x2  
  111  8:04  Infestation Pit, Zergling x2  
  114  8:06  Zergling x2  
  114  8:08  Spore Crawler  
  114  8:09  Zergling x2  
  114  8:12  Baneling x3  
  115  8:14  Zergling x6  
  115  8:18  Zergling x2  
  119  8:20  Zergling x2  
  119  8:22  Zergling x2  
  119  8:24  Drone x3  
  119  8:25  Overlord  
  120  8:28  Zergling x2  
  120  8:29  Zergling x2  
  120  8:30  Zergling x2  
  120  8:31  Zergling x2  
  120  8:32  Baneling x7  
  119  8:34  Zergling x2  
  119  8:35  Zergling x2  
  119  8:37  Zergling x2  
  119  8:38  Zergling x4  
  124  8:43  Drone  
  124  8:46  Hive  
  124  8:47  Zergling x6  
  128  8:48  Baneling x4  
  128  8:49  Zergling x2  
  128  8:50  Zergling x2  
  128  8:53  Zergling x4  
  128  8:55  Zergling x4  
  130  8:58  Zergling x2  
  130  9:00  Drone  
  130  9:01  Zergling x2  
  130  9:03  Zergling x2  
  131  9:15  Zergling x2  
  128  9:18  Queen x2  
  128  9:19  Zergling x2  
  128  9:20  Zergling x4  
  128  9:21  Zergling x4  
  128  9:22  Zergling x2  
  134  9:24  Zergling x2  
  134  9:26  Zergling x14  
  134  9:28  Zergling x2  
  134  9:31  Zergling x4  
  143  9:32  Zergling x2  
  143  9:37  Drone  
  142  9:44  Overlord  
  142  9:46  Zergling x2  
  142  9:47  Zergling x2  
  142  9:49  Zergling x2  
  145  9:54  Overlord x2  
  145  9:57  Baneling x7  
  145  10:04  Adrenal Glands, Zerg Melee Weapons Level 3  
  145  10:06  Ultralisk Cavern  
  142  10:09  Zergling x2  
  142  10:11  Zergling x4  
  142  10:12  Zergling x10  
  129  10:19  Zerg Ground Armor Level 3  
  121  10:21  Zergling x2  
  121  10:22  Zergling x2  
  121  10:24  Zergling x2  
  121  10:25  Zergling x2  
  121  10:26  Baneling  
  124  10:29  Viper x2  
  130  10:36  Zergling x2  
  130  10:41  Drone  
  130  10:42  Zergling x2  
  133  10:43  Zergling x2  
  133  10:44  Zergling x2  
  133  10:45  Zergling x4, Drone x2  
  133  10:49  Drone  
  136  10:50  Drone x4  
  136  10:53  Zergling x4  
  136  10:54  Zergling x4  
  133  10:58  Chitinous Plating  
  131  11:08  Ultralisk  
  137  11:16  Ultralisk  
  137  11:21  Ultralisk  
  142  11:30  Ultralisk  
  147  11:35  Overlord  
  147  11:39  Ultralisk  
  149  11:44  Baneling  
  149  11:45  Baneling x3  
  149  11:48  Ultralisk  
  152  11:56  Ultralisk  
  152  11:59  Zergling x4  
  153  12:05  Zergling x4  
  152  12:10  Zergling x6  
  152  12:12  Drone x3  
  152  12:13  Zergling x2  
  152  12:14  Zergling x2  
  160  12:18  Zergling x2  
  160  12:20  Zergling x4  
  160  12:21  Zergling x4  
  164  12:23  Zergling x4  
  164  12:24  Zergling x4  
  164  12:25  Zergling x4  
  164  12:27  Zergling x4  
  164  12:28  Zergling x2  
  170  12:30  Queen  
  168  12:40  Zergling x4  
  169  12:44  Zergling x2  
  165  12:52  Overlord  
  165  12:53  Hatchery  
  165  12:54  Ultralisk  
  165  12:55  Zergling x2  
  150  12:58  Zergling x2  
  150  13:00  Zergling x4  
  150  13:03  Zergling x4  
  150  13:05  Zergling x2  
  149  13:06  Zergling x2  
  149  13:07  Zergling x4  
  149  13:08  Overlord, Zergling x2  
  153  13:15  Zergling x2  
  153  13:16  Zergling x2  
  154  13:22  Unknown x2  
  154  13:25  Zergling x2  
  154  13:26  Zergling x2  
  155  13:30  Zergling x4  
  149  13:38  Queen  
  149  13:40  Extractor  
  150  13:42  Hydralisk Den  
  148  13:49  Ultralisk  
  142  13:57  Zergling x6  
  142  13:58  Zergling x2  
  142  14:00  Zergling x6  
  142  14:01  Zergling x2  
  145  14:09  Zergling x2  
  140  14:10  Zergling x4  
  140  14:13  Queen  
  136  14:17  Hydralisk x3  
  136  14:19  Hydralisk  
  136  14:22  Zergling x2  
  136  14:23  Zergling x4  
  128  14:32  Ultralisk  
  128  14:36  Ultralisk  
  140  14:43  Zergling x4  
  140  14:45  Hydralisk  
  144  14:50  Hydralisk  
  144  14:51  Hydralisk x2  
  150  14:54  Zergling x2  
  150  14:55  Zergling x2  
Show
View Real Time Build Order
Export as new Build Order

Cuddlebear Terran 

Build Orders: Reaper Expand, MMM Bio 

Get SALT Encoding   

  12  0:00  SCV  
  13  0:12  SCV  
  14  0:17  Supply Depot  
  14  0:24  SCV  
  15  0:38  SCV  
  15  0:40  Barracks  
  16  0:45  Refinery  
  16  0:51  SCV  
  17  1:03  SCV  
  18  1:15  SCV  
  19  1:27  Orbital Command  
  19  1:28  Reaper  
  20  1:41  Command Center  
  20  1:53  Barracks  
  20  1:55  SCV  
  21  2:02  Barracks Reactor  
  21  2:05  Supply Depot  
  21  2:08  SCV  
  21  2:14  Refinery  
  22  2:20  SCV  
  23  2:28  Factory  
  23  2:35  SCV  
  24  2:43  Marine x2  
  24  2:44  Barracks Tech Lab  
  26  2:54  SCV  
  27  3:01  Marine x2  
  30  3:07  Stimpack  
  30  3:10  Orbital Command  
  29  3:13  SCV  
  31  3:20  Marine  
  31  3:21  Marine  
  31  3:24  Starport  
  32  3:27  Factory Reactor  
  32  3:29  SCV  
  32  3:33  Marine  
  34  3:36  SCV  
  34  3:39  Marine  
  37  3:41  SCV  
  37  3:42  Marine  
  38  3:48  SCV  
  38  3:53  Supply Depot, SCV  
  40  3:57  Marine  
  40  4:00  SCV  
  42  4:05  SCV  
  42  4:07  Marine x2  
  45  4:12  SCV  
  45  4:15  Medivac x2  
  45  4:17  Supply Depot, Marine  
  49  4:18  SCV  
  51  4:27  SCV, Marine x2  
  54  4:38  SCV, Marine  
  56  4:39  SCV  
  56  4:45  Marine x2  
  58  4:50  SCV  
  58  4:51  SCV  
  61  4:56  Armory  
  61  5:02  SCV  
  61  5:05  Engineering Bay, Supply Depot  
  62  5:07  Combat Shield, Hellion x2, SCV, Marine, Medivac  
  62  5:10  Supply Depot  
  62  5:12  Supply Depot  
  70  5:21  Supply Depot, Liberator  
  70  5:25  Marine  
  70  5:26  Marine  
  70  5:27  SCV x2  
  73  5:29  Marine  
  73  5:30  Hellion x2  
  78  5:41  Terran Infantry Weapons Level 1  
  82  5:43  Refinery, Marine  
  82  5:45  Refinery, Marine  
  83  5:58  SCV  
  84  6:15  Marine x2  
  84  6:16  Marine, Hellion  
  84  6:17  Hellion  
  91  6:24  Barracks x2  
  91  6:25  Barracks  
  91  6:29  Command Center  
  91  6:33  Marine  
  85  6:42  SCV  
  82  6:48  SCV  
  82  6:50  Marine x2  
  82  6:54  SCV  
  80  6:58  Marine  
  80  6:59  Medivac x2  
  80  7:00  SCV  
  84  7:02  Armory  
  84  7:04  Engineering Bay  
  84  7:06  SCV  
  84  7:08  Marine x2  
  87  7:13  Factory Tech Lab  
  87  7:15  Barracks Reactor x2  
  87  7:16  Marine x2  
  88  7:25  Marine x2  
  88  7:27  SCV  
  88  7:28  Command Center  
  88  7:29  SCV  
  90  7:40  Marine  
  90  7:42  Barracks Tech Lab  
  90  7:43  Siege Tank, Marine x2, Medivac x2  
  84  7:52  Marine x2  
  84  7:55  Terran Infantry Weapons Level 2  
  84  7:58  Terran Infantry Armor Level 1, Marine  
  87  8:00  Marine  
  87  8:01  Marine  
  87  8:03  Marine  
  87  8:05  Marine x2  
  92  8:10  Marine x2  
  95  8:16  Supply Depot, Marine  
  95  8:17  Supply Depot  
  95  8:18  Marine  
  95  8:19  Marine  
  97  8:21  Marine  
  97  8:23  Marine  
  99  8:32  Marine x3  
  99  8:33  Siege Tank, Marine, Medivac  
  102  8:38  Marine x2, Medivac  
  106  8:43  Marine  
  106  8:46  Marine  
  108  8:50  Marine  
  108  8:51  Orbital Command  
  108  8:52  Marine  
  108  8:55  Marine  
  111  8:58  Marine  
  111  9:02  Marine  
  113  9:04  Marine x2  
  113  9:05  Marine  
  113  9:07  Siege Tank  
  113  9:08  Marine  
  120  9:10  Factory, Marine  
  120  9:13  Marine  
  121  9:22  Orbital Command, Marine  
  121  9:23  Marine x4  
  121  9:24  Medivac x2  
  106  9:26  Marine  
  106  9:29  Marine  
  110  9:41  Marauder  
  110  9:42  Siege Tank  
  110  9:44  Marine  
  113  9:48  Marine  
  114  9:53  Marine  
  114  9:56  Marine x4  
  114  9:57  Medivac x2  
  114  9:58  SCV  
  114  9:59  Factory Tech Lab  
  121  10:02  Marine x2  
  121  10:03  SCV  
  121  10:04  SCV  
  121  10:06  Marine  
  126  10:11  Marine  
  126  10:13  Terran Infantry Armor Level 2, Marine  
  113  10:19  Marine  
  113  10:20  Marine  
  110  10:22  Marine x3  
  110  10:26  Siege Tank  
  116  10:33  Liberator, Marine  
  117  10:36  Liberator  
  117  10:37  Marine  
  117  10:38  Siege Tank  
  117  10:39  Marine  
  117  10:41  Marauder  
  117  10:42  Marine  
  125  10:48  Refinery x2, Marine  
  125  10:49  Marine x2  
  135  10:58  Marine  
  135  11:01  Marine  
  135  11:02  Marine  
  139  11:05  Marine  
  139  11:06  Terran Vehicle Weapons Level 1  
  139  11:07  Siege Tank  
  141  11:13  Marine  
  142  11:21  Marine  
  142  11:24  Command Center  
  143  11:31  Marine  
  144  11:37  Marine  
  144  11:38  Marine  
  144  11:39  Marine  
  147  11:43  Marine  
  147  11:45  Marine  
  149  12:02  Marine x6  
  149  12:10  Supply Depot x3  
  149  12:12  Marine x2  
  149  12:13  Siege Tank x2  
  157  12:26  Marine x3, Medivac x2  
  149  12:45  Siege Tank x2  
  135  12:55  Liberator  
  97  12:59  Marine x2  
  97  13:00  Marauder  
  97  13:04  Marauder, Marine  
  97  13:05  Orbital Command, Marine x2  
  88  13:11  Marine  
  88  13:12  Medivac  
  79  13:14  Orbital Command  
  79  13:17  Siege Tank, Marine x2  
  65  13:21  Marauder  
  65  13:22  Marine  
  65  13:24  Marine, Liberator  
  65  13:25  Marine  
  65  13:26  Marauder  
  70  13:28  Marine  
  66  13:34  SCV  
  66  13:35  Marine x2  
  66  13:40  Orbital Command  
  69  13:43  Marauder  
  69  13:45  SCV  
  69  13:59  Marine  
  69  14:00  Marauder  
  55  14:03  SCV  
  55  14:08  SCV  
  52  14:30  SCV  
  54  14:34  Orbital Command  
  54  14:35  SCV  
  54  14:38  Marine  
  55  14:41  Marine  
  55  14:43  Marine  
  55  14:44  Marine  
  58  14:46  SCV  
  58  14:50  SCV x2  
  61  14:55  Marine  
  61  14:58  SCV  
  63  15:02  SCV x2  
Tags
 
Add a new tag
Caveats
  • Supply blocks, unpowered buildings, or Contaminate may cause inaccurate times.
  • Supply counts are checked every 10 seconds.